After long time good come back

Match 12683772
End
Construct Infanterie Kompanie
Selects Breakthrough Battlegroup
GrW 34 Mortar Team
MG 42 Machine Gun Team
Grenadier Squad
Grenadier Squad
Medical Station
Construct Panzergrenadier Kompanie
Selects Assault Grenadiers
Selects 2.5-tonne Cargo Truck
2.5-tonne Cargo Truck
Selects Smoke Bombing Run
Smoke Bombing Run
251 Medium Carrier
Pak 40 Anti-tank Gun Team
Construct Panzer Kompanie
Smoke Bombing Run
Selects Incendiary Bombing Run
Incendiary Bombing Run
Panzer IV Medium Tank
Side Skirts
Smoke Bombing Run
Panzer IV Medium Tank
GrW 34 Mortar Team
Selects Blitzkrieg
Incendiary Bombing Run
Panzer IV Medium Tank
Smoke Bombing Run
Pioneer Squad
2.5-tonne Cargo Truck
Selects Panzer IV Command Tank Sd.Kfz. 161/1
Pioneer Squad
Panzer IV Command Tank
Incendiary Bombing Run
Smoke Bombing Run
Panzer IV Medium Tank
Panzer IV Medium Tank
Incendiary Bombing Run
Pioneer Squad
Pioneer Squad
Smoke Bombing Run
Panzer IV Medium Tank
Panzer IV Medium Tank
Incendiary Bombing Run
Smoke Bombing Run
Panzer IV Medium Tank
Panzer IV Medium Tank
Incendiary Bombing Run
Panzer IV Command Tank
Incendiary Bombing Run
Smoke Bombing Run
Mr. AAAAAAAAYYY
Zorlonn
枪钟仙
Para_Dilshan
Maniac
FTA_Viper
Reklaw
JDASCWQAD
0
0

Comments sign in to comment!

No comments posted yet!